 Dungeon Crawl Stone Soup version 0.18.1-8-gdd0e5ea (webtiles) character file.

98 dcss12345 the Ruffian (level 4, 0/40 HPs)
             Began as a Ghoul Monk on June 4, 2016.
             Slain by an adder (1 damage)
             ... on level 2 of the Dungeon.
             The game lasted 00:04:48 (1475 turns).

dcss12345 the Ruffian (Ghoul Monk)                  Turns: 1475, Time: 00:04:49

Health: 0/40       AC:  2    Str: 15    XL:     4   Next: 71%
Magic:  3/3        EV: 13    Int:  5    God:
Gold:   62         SH:  0    Dex: 11    Spells: 0 memorised, 3 levels left

rFire  . . .     SeeInvis .       - Unarmed
rCold  + . .     Gourm    .     a - +0 robe
rNeg   + + +     Faith    .     (no shield)
rPois  ∞         Spirit   .     (no helmet)
rElec  .         Dismiss  .     (no cloak)
rCorr  .         Reflect  .     (no gloves)
SustAt .         Harm     .     (no boots)
MR     .....                    (no amulet)
Stlth  ++........               (no ring)
                                (no ring)

@: rotting, not resistant to hostile enchantments, unstealthy
A: rotting body, claws 1, carnivore 3, cold resistance 1, negative energy
resistance 3, slow regeneration 1, torment resistance, unbreathing
a: no special abilities


You were on level 2 of the Dungeon.
You were not hungry.

You visited 1 branch of the dungeon, and saw 3 of its levels.

You collected 62 gold pieces.

Inventory:

Armour
 a - a +0 robe (worn)
 i - a +1 robe of fire resistance
 m - a +0 cloak
Jewellery
 f - an uncursed ring of ice {unknown}
Scrolls
 c - 2 scrolls of teleportation {unknown}
 d - 3 scrolls of remove curse {unknown}
 h - a scroll of identify {unknown}
 k - 2 scrolls of enchant weapon {unknown}
 n - a scroll of enchant armour {unknown}
Potions
 e - a potion of curing {unknown}
 g - a potion of mutation {unknown}
 j - a potion of cure mutation {unknown}
 l - a potion of lignification {unknown}
 o - a potion of ambrosia {unknown}
Comestibles
 b - 3 meat rations


   Skills:
 + Level 4.1 Fighting
 + Level 3.3 Dodging
 + Level 3.3 Stealth
 + Level 4.9 Unarmed Combat


You had 3 spell levels left.
You didn't know any spells.

Dungeon Overview and Level Annotations

Branches:
Dungeon (3/15)

Altars:
Gozag
Nemelex Xobeh
Pakellas


Innate Abilities, Weirdness & Mutations

Your body is rotting away.
You thrive on raw meat.
You are immune to poison.
You have sharp fingernails.
You are carnivorous and can eat meat at any time.
Your flesh is cold resistant.
You are immune to negative energy.
You regenerate slowly when monsters are visible.
You are immune to unholy pain and torment.
You can survive without breathing.


Message History

The orc priest is almost dead.
The adder barely misses you. The adder closely misses you.
You completely miss the orc priest.
The orc priest is almost dead.
The orc priest barely misses you. The adder barely misses you.
You barely miss the orc priest.
The orc priest is almost dead.
The adder barely misses you. The orc priest hits you with a club.
* * * LOW HITPOINT WARNING * * *
You scratch the orc priest.
You kill the orc priest!
Your Fighting skill increases to level 4!
The adder barely misses you.
You miss the adder. The adder bites you.
* * * LOW HITPOINT WARNING * * *
The adder misses you. The adder barely misses you.
Items here: )) [[ a club; a scale mail x2; a dagger The adder bites you.
You die...

###'###################........
#.# #........
#####.############## #........
............(......# #........
#####.############.# #........
#.##.....#)..#.# #........
#.##.###.###.#.# ####.....
#......#.###.#.# #.####
#..#.....#..@#.# #.#
#..###...###S#.# #.#
#####..###...###)#.# #.#
.<.............o>#.# #.####
#####.#)###.######.# #.....
#.#.....# #.# ###### #.#######
#.# #.# #.# #.# #.#


You could see an adder and an orc.

Vanquished Creatures
  An orc priest (D:2)
  4 adders (D:2)
  A worm (D:2)
  2 dart slugs
  2 orcs (D:2)
  2 giant cockroaches (D:1)
  5 goblins
  3 hobgoblins (D:2)
  3 bats
  A giant newt (D:1)
  3 kobolds
  2 rats (D:1)
29 creatures vanquished.

Notes
Turn   | Place    | Note
--------------------------------------------------------------
     0 | D:1      | dcss12345 the Ghoul Monk began the quest for the Orb.
     0 | D:1      | Reached XP level 1. HP: 19/19 MP: 0/0
   222 | D:1      | Reached XP level 2. HP: 26/26 MP: 1/1
   639 | D:2      | Reached XP level 3. HP: 26/33 MP: 2/2
   803 | D:2      | Found an oddly glowing altar of Pakellas.
  1184 | D:2      | Found an opulent altar of Gozag.
  1185 | D:2      | Found a sparkling altar of Nemelex Xobeh.
  1250 | D:2      | Reached XP level 4. HP: 39/39 MP: 3/3
  1470 | D:2      | HP: 2/40 [orc priest/club (4)]
  1475 | D:2      | Slain by an adder

Skill      XL: |  1  2  3  4 |
---------------+-------------+-----
Dodging        | 3 |  3.3
Stealth        | 3 |  3.3
Fighting       | 4 |  4.1
Unarmed Combat | |  4.9

Action                   |  1- 3 |  4- 6 || total
-------------------------+-------+-------++-------
Melee: Unarmed           |    63 |    23 ||    86
       Punch             |     1 |     1 ||     2
 Stab: Sleeping          |     3 |       ||     3
  Eat: Chunk             |    22 |     4 ||    26
Armor: Robe              |    12 |     3 ||    15
Dodge: Dodged            |    34 |    21 ||    55
